Workbook
Name __xlfn_SINGLE: NA()

Sheet Real BCCPA-IN 5-CV - 40%
A1: LIMPEZA - Regime de Tributação: Lucro Real
A2: ANEXO ---- do Pregão nº 32/2020 – CONTA VINCULADA PLANILHA DE CUSTOS E FORMAÇÃO DE PREÇOS
A3: Nº do processo: | H3: 23163.003961.2020-61
A4: Licitação nº: | H4: 32/2020
A5: Dia:
A6: DISCRIMINAÇÃO DOS SERVIÇOS (DADOS REFERENTES À CONTRATAÇÃO)
A7: A | B7: Data de apresentação da proposta (dia/mês/ano)
A8: B | B8: Município/UF | H8: Lajeado/RS
A9: C | B9: Ano do Acordo, Convenção ou Dissídio Coletivo
A10: D | B10: Número de meses de execução contratual | H10: 12
A11: IDENTIFICAÇÃO DO SERVIÇO
A12: Tipo de Serviço: Limpeza e Conservação Predial para o Câmpus Lajeado IFSUL (Insalubridade 40%) | G12: Unidade de Medida | I12: Quantidade total a contratar (Em função da unidade de medida)
A13: a) Áreas internas - Pisos acarpetados | G13: m2 | I13: 0
A14: b) Áreas internas - Pisos frios | G14: m2 | I14: 1185.76
A15: c) Áreas internas - Laboratórios | G15: m2 | I15: 237.26
A16: d) Áreas internas - Almoxarifados/galpões | G16: m2 | I16: 89.31
A17: e) Áreas internas - Oficinas | G17: m2 | I17: 0
A18: f) Áreas internas - Áreas com espaços livres - saguão, hall e salão | D18: m-2 | E18: m-1 | F18: m0 | G18: m2 | I18: 305.71
A19: g) Banheiros | G19: m2 | I19: 98.76
A20: TOTAL DA ÁREA INTERNA | I20: =ROUND(I13+I14+I15+I16+I17+I18+I19,2) -> 1916.8
A22: a) Áreas externas - Pisos pavimentados adjacentes/contíguos às edificações | H22: m2 | J22: 0
A23: b) Áreas externas - Varrição de passeios e arruamentos | H23: m2 | J23: 6975.29
A24: c) Áreas externas - Pátios com áreas verdes com alta frequência | H24: m2 | J24: 0
A25: d) Áreas externas - Pátios com áreas verdes com média frequência | H25: m2 | J25: 0
A26: e) Áreas externas - Pátios com áreas verdes com baixa frequência | H26: m2 | J26: 0
A27: f) Áreas externas - Coleta de detritos em pátios e áreas verdes com frequência diária | H27: m2 | J27: 8992.76
A28: TOTAL DA ÁREA EXTERNA | J28: =ROUND(J22+J23+J24+J25+J26+J27,2) -> 15968.05
A30: a) Esquadrias externas - Face externa com exposição a situação de risco | H30: m2 | J30: 0
A31: b) Esquadrias externas - Face externa sem exposição a situação de risco | H31: m2 | J31: 320.58
A32: c) Esquadrias - Face interna | H32: m2 | J32: 320.58
A33: TOTAL DA ÁREA DA ESQUADRIA EXTERNA - FACE INTERNA/EXTERNA | J33: =ROUND(J30+J31+J32,2) -> 641.16
A35: a) Fachada envidraçada | H35: m2 | J35: 0
A36: TOTAL DA ÁREA DA FACHADA ENVIDRAÇADA | J36: =J35 -> 0
A38: a) Áreas hospitalares e assemelhadas | H38: m2 | J38: 0
A39: TOTAL DAS ÁREAS HOSPITALARES | J39: 0
A41: a) Outras áreas (especificar) | H41: m2 | J41: 0
A42: TOTAL DAS OUTRAS ÁREAS (ESPECIFICAR) | J42: 0
A44: TOTAL GERAL | J44: =ROUND(I20+J28+J33+J36+J39,2) -> 18526.01
A46: 1. MÓDULOS Mão de obra Mão de obra vinculada à execução contratual
A48: Dados para composição dos custos referente à mão de obra
A49: 1 | B49: Tipo de Serviço (mesmo serviço com características distintas) | H49: Limpeza e conservação
A50: 2 | B50: Classificação Brasileira de Ocupações (CBO) | H50: 5143-20
A51: 3 | B51: Salário Normativo da Categoria Profissional - para a jornada de 44 h/sem
A52: 4 | B52: Categoria Profissional (vinculada à execução contratual) | H52: Servente de limpeza
A53: 5 | B53: Data-Base da Categoria (dia/mês/ano)
A55: Módulo 1: Composição da Remuneração
A56: 1 | B56: Composição da Remuneração | H56: Percentual (R$) | J56: Valor (R$)
A57: A | B57: Salário-Base (valor para somente 1 servente de limpeza)
A58: B | B58: Adicional de Insalubridade (40% do SB - cláusula 18, “c” da CCT/2018) | I58: 0.4 | J58: =ROUND(I58*J57,2) -> 0
A59: Total | J59: =SUM(J57:J58) -> 0
A61: Módulo 2 – Encargos e Benefícios Anuais, Mensais e Diários
A62: Submódulo 2.1 – 13º (décimo terceiro) Salário e Adicional de Férias
A63: 2.1 | B63: 13º (décimo terceiro) Salário e Adicional de Férias | J63: Valor (R$)
A64: A | B64: 13º (décimo terceiro) Salário Obrigatória a cotação de 8,33% sobre o valor do Módulo 1 – Composição da Remuneração, conforme Anexo XII da IN 5/17 | I64: 0.0833 | J64: =ROUND($J$59*I64,2) -> 0
A65: B | B65: (Férias e) Adicional de Férias Obrigatória a cotação de 3,025% sobre o valor do Módulo 1 – Composição da Remuneração, conforme Anexo XII da IN 5/17 (Férias + Adicional = 9,075% + 3,025% = 12,10%) | I65: 0.03025 | J65: =ROUND($J$59*I65,2) -> 0
A66: Total | J66: =SUM(J64+J65) -> 0
A67: C | B67: Incidência dos encargos do Submódulo 2.2 sobre o total do Submódulo 2.1 | J67: =ROUND(I80*J66,2) -> 0
A68: Total | J68: =J66+J67 -> 0
A70: Submódulo 2.2 - Encargos Previdenciários (GPS), Fundo de Garantia por Tempo de Serviço (FGTS) e outras contribuições
A71: 2.2 | B71: GPS, FGTS e outras contribuições | I71: Percentual (%) | J71: Valor (R$)
A72: A | B72: INSS | I72: 0.2 | J72: =ROUND($J$59*I72,2) -> 0
A73: B | B73: Salário Educação | I73: 0.025 | J73: =ROUND($J$59*I73,2) -> 0
A74: C | B74: RAT x FAP | E74: RAT = | F74: 0 | G74: FAP = | I74: 0 | J74: =ROUND($J$59*I74,2) -> 0
A75: D | B75: SESC ou SESI | I75: 0.015 | J75: =ROUND($J$59*I75,2) -> 0
A76: E | B76: SENAC ou SENAI | I76: 0.01 | J76: =ROUND($J$59*I76,2) -> 0
A77: F | B77: SEBRAE | I77: 0.006 | J77: =ROUND($J$59*I77,2) -> 0
A78: G | B78: INCRA | I78: 0.002 | J78: =ROUND($J$59*I78,2) -> 0
A79: H | B79: FGTS | I79: 0.08 | J79: =ROUND($J$59*I79,2) -> 0
A80: Total | I80: =SUM(I72:I79) -> 0.338 | J80: =SUM(J72:J79) -> 0
A82: Submódulo 2.3 – Benefícios Mensais e Diários
A83: 2.3 | B83: Benefícios Mensais e Diários | J83: Valor (R$)
A84: A | B84: Transporte Cálculo do valor: [(2xVTx22) – (6%xSB)] | J84: =IF(ROUND((I87*I85*I86)-(J57*0.06),2)<0,0,ROUND((I87*I85*I86)-(J57*0.06),2))*1+(I85*I86*21.726-0.06*J57)*0 -> 0
B85: A.1) Valor da passagem do transporte coletivo no município de prestação dos serviços: | I85: 3.9 | J85: -
B86: A.2) Quantidade de passagens por dia por empregado: | I86: 0
B87: A.3) Quantidade de dias do mês de recebimento de passagens | I87: 0
A88: B | B88: Auxílio-Refeição/Alimentação Cálculo do valor = [(22xVA)x(1-0,19)] | J88: =ROUND(I90*I89*(1-0.19),2)*1+ROUND(21.726*6*(1-0.19),2)*0 -> 0
B89: B.1) Valor do auxílio-alimentação (clausula 19 da CCT 2018): | I89: 0 | J89: -
B90: B.2) Quantidade de dias do mês de recebimento de auxílio-alimentação | I90: 0
A91: C | B91: Seguro contra riscos de acidente de trabalho | J91: 0
A92: D | B92: Plano de Benefício Social Familiar (cláusula 22 da CCT 2018) | J92: 0
A93: Total | J93: =SUM(J84:J92) -> 0
A95: Quadro-Resumo do Módulo 2 – Encargos e Benefícios Anuais, Mensais e Diários
A96: 2 | B96: Encargos e Benefícios Anuais, Mensais e Diários | J96: Valor (R$)
A97: 2.1 | C97: 13º (décimo terceiro) Salário e Adicional de Férias | J97: =J68 -> 0
A98: 2.2 | C98: GPS, FGTS e outras contribuições | J98: =J80 -> 0
A99: 2.3 | C99: Benefícios Mensais e Diários | J99: =J93 -> 0
A100: Total | J100: =SUM(J97+J98+J99) -> 0
A102: Módulo 3 - Provisão para Rescisão
A103: 3 | B103: Provisão para Rescisão | J103: Valor (R$)
A104: A | B104: Aviso Prévio Indenizado Aviso-prévio indenizado Cálculo do valor = {Rem/12 + 13º/12=(Rem/12)/12 + Férias/12=(Rem/12)/12 + (1/3xFérias)/12=1/3x[(Rem/12)/12]} x (30/30=1) x 5% de rotatividade anual - Os reflexos de 13º, F e 1/3F são referentes a 1 mês de APInd - Na prorrogação, poderão ser considerados 3 dias conforme Lei nº 12.506/2011, dependendo da análise do nº de ocorrências deste evento no período | J104: =ROUND((($J$59/12)+($J$64/12)+($J$59/12/12)+($J$65/12))*(30/30)*0.05,2) -> 0
A105: B | B105: Incidência do FGTS sobre o Aviso Prévio Indenizado | J105: =ROUND($J$104*I79,2) -> 0
A106: C | B106: Multa do FGTS e contribuição social sobre o Aviso Prévio Indenizado Obrigatória a cotação de 0,24% sobre o valor do Módulo 1 – Composição da Remuneração, conforme Anexo XII da IN Seges nº 5/2017 (0,24% + 4,76% = 5,0%) | I106: 0.0019 | J106: =ROUND($J$59*I106,2) -> 0
A107: D | B107: Aviso Prévio Trabalhado (negociar extinção/redução na 1ª prorrogação) Cálculo do valor= [(Rem/30)x7]/12 meses do contratox90% dos empregados - ao final do contrato | J107: =ROUND(((($J$59/30)*7)/$H$10)*0.9,2) -> 0
A108: E | B108: Incidência dos encargos do Submódulo 2.2 sobre o Aviso Prévio Trabalhado | J108: =ROUND($I$80*J107,2) -> 0
A109: F | B109: Multa do FGTS e contribuição social sobre o Aviso Prévio Trabalhado Obrigatória a cotação de 4,76% sobre o valor do Módulo 1 – Composição da Remuneração, conforme Anexo XII da IN Seges nº 5/2017 (4,76%+0,24% = 5,0%) | I109: 0.0381 | J109: =ROUND($J$59*I109,2) -> 0
A110: Total | J110: =SUM(J104:J109) -> 0
A112: Módulo 4 - Custo de Reposição do Profissional Ausente
A113: Base de cálculo para o Custo de Reposição do Profissional Ausente (substituto): BCCPA = Rem + 13º + Férias + 1/3Férias | J113: =J116+J59+J64+J65 -> 0
A115: 4.1 | B115: Ausências Legais | J115: Valor (R$)
A116: A | B116: Férias | I116: 0.09075 | J116: =ROUND(($J$59*I116),2) -> 0
...

Sheet RESUMO
A1: LIMPEZA - Regime de Tributação: Lucro Real
A2: ANEXO ---- do Pregão nº XX/2020 – CONTA VINCULADA MODELO DE PLANILHA DE CUSTOS E FORMAÇÃO DE PREÇOS
A3: Nº do processo: | H3: xxxxxxx
A4: Licitação nº: | H4: xxxxxxx
A5: Dia: | H5: xxxxxxx
A6: DISCRIMINAÇÃO DOS SERVIÇOS (DADOS REFERENTES À CONTRATAÇÃO)
A7: A | B7: Data de apresentação da proposta (dia/mês/ano)
A8: B | B8: Município/UF | H8: Lajeado/RS
A9: C | B9: Ano do Acordo, Convenção ou Dissídio Coletivo | H9: RS000162/2021 SINDIASSEIO
A10: D | B10: Número de meses de execução contratual | H10: 12
A12: Tipo de Serviço: Limpeza e Conservação Predial Para o Câmpus Lajeado do IFSUL (Insalubridade 40%)
A13: Valor mensal do serviço | I13: ='Real BCCPA-IN 5-CV - 40%'!I241:J241 -> 0
A15: Número de meses do contrato | I15: ='Real BCCPA-IN 5-CV - 40%'!I243:J243 -> 12
A17: Valor global da proposta (valor mensal do serviço x nº de meses do contrato) | I17: ='Real BCCPA-IN 5-CV - 40%'!I245:J245 -> 0
A19: Valor Total Mensal do Contrato | I19: =I13 -> 0
A20: Valor Total Anual do Contrato | I20: =I17 -> 0

Sheet INSUMOS
A1: LIMPEZA - Regime de Tributação: Lucro Real
A2: ANEXO ---- do Pregão nº XX/2020 – CONTA VINCULADA MODELO DE PLANILHA DE CUSTOS E FORMAÇÃO DE PREÇOS
A3: Nº do processo: | F3: xxxxxx
A4: Licitação nº: | F4: xxxxxx
A5: Dia: | F5: xxxxxx
A6: INSUMOS DIVERSOS
A7: Materiais de Limpeza – SANEANTES DOMISSANITÁRIOS | B7: Unidade | C7: Quantidade Mensal | D7: Quantidade Anual | E7: Valor Unitário | F7: Custo Anual
A8: Água Sanitária de 1ª qualidade, galão de 5 litros | B8: galão | C8: 6 | D8: =C8*12 -> 72 | E8: 0 | F8: =D8*E8 -> 0
A9: Álcool 70 °INPM (70% p/p) ou 77 °GL (77% v/v) | B9: litro | C9: 20 | D9: =C9*12 -> 240 | E9: 0 | F9: =D9*E9 -> 0
A10: Álcool em gel, 70% INPM ou 77º GL (77% v/v) | B10: litro | C10: 15 | D10: =C10*12 -> 180 | E10: 0 | F10: =D10*E10 -> 0
A11: Detergente neutro líquido | B11: litro | C11: 4 | D11: =C11*12 -> 48 | E11: 0 | F11: =D11*E11 -> 0
A12: Desinfetante de uso geral | B12: litro | C12: 15 | D12: =C12*12 -> 180 | E12: 0 | F12: =D12*E12 -> 0
A13: Desodorizador de ar de 360 ml (tipo aerossol) | B13: unidade | C13: 10 | D13: =C13*12 -> 120 | E13: 0 | F13: =D13*E13 -> 0
A14: Limpa vidros, frasco de 500 ml | B14: unidade | C14: 2 | D14: =C14*12 -> 24 | E14: 0 | F14: =D14*E14 -> 0
A15: Limpador Multiuso | B15: litro | C15: 30 | D15: =C15*12 -> 360 | E15: 0 | F15: =D15*E15 -> 0
A16: Polidor de metais, 200 ml | B16: unidade | C16: 1 | D16: =C16*12 -> 12 | E16: 0 | F16: =D16*E16 -> 0
D17: =C17*12 -> 0 | F17: =D17*E17 -> 0
A18: Sabão em pó | B18: kg | C18: 1 | D18: =C18*12 -> 12 | E18: 0 | F18: =D18*E18 -> 0
A19: Saponáceo em pó, detergente com 300g | B19: unidade | C19: 10 | D19: =C19*12 -> 120 | E19: 0 | F19: =D19*E19 -> 0
A20: Tela desodorante para mictório | B20: unidade | C20: 12 | D20: =C20*12 -> 144 | E20: 0 | F20: =D20*E20 -> 0
A21: CUSTO ANUAL DOS SANEANTES DOMISSANITÁRIOS | F21: =SUM(F8:F20) -> 0
A22: CUSTO MENSAL DOS SANEANTES DOMISSANITÁRIOS | F22: =F21/12 -> 0
A24: Materiais de Limpeza – COMPLEMENTARES | B24: Unidade | C24: Quantidade Mensal | D24: Quantidade Anual | E24: Valor Unitário | F24: Custo Anual
A25: Papel higiênico branco de alta qualidade, tipo personal, Nice ou similar, rolo de 300m x 10 cm | B25: unidade | C25: 48 | D25: =C25*12 -> 576 | E25: 0 | F25: =D25*E25 -> 0
A26: Papel toalha branco 100% celulose interfolhado com 1000 folhas 20cm x 21cm | B26: pacote | C26: 50 | D26: =C26*12 -> 600 | E26: 0 | F26: =D26*E26 -> 0
A27: Sabonete líquido para mãos, cremoso, 5 litros (galão) | B27: galão | C27: 5 | D27: =C27*12 -> 60 | E27: 0 | F27: =D27*E27 -> 0
A28: CUSTO ANUAL DOS MATERIAIS DE LIMPEZA – COMPLEMENTARES | F28: =SUM(F25:F27) -> 0
A29: CUSTO MENSAL DOS MATERIAIS DE LIMPEZA – COMPLEMENTARES | E29: =F28*12 -> 0 | F29: =F28/12 -> 0
A31: UTENSÍLIOS | B31: Unidade | C31: Quantidade a disponibilizar | D31: Vida Útil (em meses) | E31: Quantidade Anual | F31: Valor Unitário | G31: Custo Anual
A32: Balde plástico, 20 litros | B32: unidade | C32: 6 | D32: 12 | E32: =12/D32*C32 -> 6 | F32: 0 | G32: =E32*F32 -> 0
A33: Desentupidor de pia | B33: unidade | C33: 2 | D33: 12 | E33: =12/D33*C33 -> 2 | F33: 0 | G33: =E33*F33 -> 0
A34: Desentupidor de vaso sanitário | B34: unidade | C34: 2 | D34: 12 | E34: =12/D34*C34 -> 2 | F34: 0 | G34: =E34*F34 -> 0
A35: Escova nylon manual, cerdas duras (escova de mão) | B35: unidade | C35: 2 | D35: 12 | E35: =12/D35*C35 -> 2 | F35: 0 | G35: =E35*F35 -> 0
A36: Escova para vaso sanitário | B36: unidade | C36: 2 | D36: 12 | E36: =12/D36*C36 -> 2 | F36: 0 | G36: =E36*F36 -> 0
A37: Esponja dupla face | B37: unidade | C37: 6 | D37: 1 | E37: =12/D37*C37 -> 72 | F37: 0 | G37: =E37*F37 -> 0
A38: Extensão elétrica com cabo PP - comprimento = 30m | B38: unidade | C38: 3 | D38: 12 | E38: =12/D38*C38 -> 3 | F38: 0 | G38: =E38*F38 -> 0
A39: Prendedor de roupas, pacote com 12 unidades | B39: pacote | C39: 2 | D39: 12 | E39: =12/D39*C39 -> 2 | F39: 0 | G39: =E39*F39 -> 0
A40: Pá de Lixo, com cabo longo | B40: unidade | C40: 4 | D40: 12 | E40: =12/D40*C40 -> 4 | F40: 0 | G40: =E40*F40 -> 0
A41: Pano de chão, 100% algodão 50x70 cm | B41: unidade | C41: 10 | D41: 1 | E41: =12/D41*C41 -> 120 | F41: 0 | G41: =E41*F41 -> 0
A42: Rodo com 2 borrachas - 40cm de largura, com cabo | B42: unidade | C42: 3 | D42: 12 | E42: =12/D42*C42 -> 3 | F42: 0 | G42: =E42*F42 -> 0
A43: Saco de lixo 100L, pacote 100 unidades | B43: pacote | C43: 4 | D43: 1 | E43: =12/D43*C43 -> 48 | F43: 0 | G43: =E43*F43 -> 0
... A46: Borrifador de líquidos, com bico borrifador, cap.: 500 ml | B46: unidade | C46: 2 | D46: 6 | E46: =12/D46*C46 -> 4 | F46: 0 | G46: =E46*F46 -> 0
A47: CUSTO ANUAL DOS UTENSÍLIOS | G47: =SUM(G32:G46) -> 0
A48: CUSTO MENSAL DOS UTENSÍLIOS | G48: =G47/12 -> 0
A50: EQUIPAMENTOS | B50: Unidade | C50: Quantidade a disponibilizar | D50: Depreciação (em meses) | E50: Quantidade Anual | F50: Valor Unitário | G50: Custo Anual
A51: Lavador a jato de alta pressão | B51: unidade | C51: 1 | D51: 60 | E51: =12/D51*C51 -> 0.2 | F51: 0 | G51: =E51*F51 -> 0
A52: Mangueira com 50 metros | B52: unidade | C52: 2 | D52: 30 | E52: =12/D52*C52 -> 0.8 | F52: 0 | G52: =E52*F52 -> 0
A53: Carro Estação de limpeza multifuncional com bolsa de vinil | B53: unidade | C53: 1 | D53: 60 | E53: =12/D53*C53 -> 0.2 | F53: 0 | G53: =E53*F53 -> 0
A54: Escada de alumínio de 3 degraus | B54: unidade | C54: 1 | D54: 60 | E54: =12/D54*C54 -> 0.2 | F54: 0 | G54: =E54*F54 -> 0
A55: Escada de alumínio de 6 a 8 degraus | B55: unidade | C55: 1 | D55: 60 | E55: =12/D55*C55 -> 0.2 | F55: 0 | G55: =E55*F55 -> 0
A56: MOP completo pó | B56: kit | C56: 3 | D56: 12 | E56: =12/D56*C56 -> 3 | F56: 0 | G56: =E56*F56 -> 0
A57: Aspirador de pó e água | B57: unidade | C57: 1 | D57: 60 | E57: =12/D57*C57 -> 0.2 | F57: 0 | G57: =E57*F57 -> 0
A58: Varal portátil para secagem de panos | B58: unidade | C58: 1 | D58: 60 | E58: =12/D58*C58 -> 0.2 | F58: 0 | G58: =E58*F58 -> 0
A59: Placas sinalizadoras | B59: unidade | C59: 6 | D59: 60 | E59: =12/D59*C59 -> 1.2 | F59: 0 | G59: =E59*F59 -> 0
A60: CUSTO ANUAL DOS EQUIPAMENTOS | G60: =SUM(G51:G59) -> 0
A61: CUSTO MENSAL DOS EQUIPAMENTOS | G61: =G60/12 -> 0
A63: UNIFORMES | B63: Unidade | C63: Quantidade Anual | D63: Valor Unitário | E63: Custo Anual
A64: Calça de tecido de algodão (tipo BRIM) | B64: unidade | C64: 2 | D64: 0 | E64: =C64*D64 -> 0
A65: Camiseta de manga curta com logotipo e nome da contratada | B65: unidade | C65: 3 | D65: 0 | E65: =C65*D65 -> 0
A66: Camiseta de manga longa com logotipo e nome da contratada | B66: unidade | C66: 2 | D66: 0 | E66: =C66*D66 -> 0
A67: Jaqueta, forrada com elástico nos punhos e firme com logotipo e nome da contratada | B67: unidade | C67: 2 | D67: 0 | E67: =C67*D67 -> 0
A68: Calçado tipo botina de couro, em PU com solado antiderrapante, resistente a choque elétrico | B68: par | C68: 2 | D68: 0 | E68: =C68*D68 -> 0
A69: Luva látex forrada | B69: par | C69: 4 | D69: 0 | E69: =C69*D69 -> 0
A70: CUSTO ANUAL DOS UNIFORMES PARA 1 SERVENTE | E70: =SUM(E64:E69) -> 0
A71: CUSTO MENSAL DOS UNIFORMES PARA 1 SERVENTE | E71: =E70/12 -> 0
A73: QUADRO RESUMO | B73: CUSTO ANUAL | D73: CUSTO MENSAL | F73: Custo Mensal por SERVENTE
A74: Materiais de Limpeza – SANEANTES DOMISSANITÁRIOS | B74: =F21 -> 0 | C74: =SUM(B74:B74) -> 0 | D74: =B74/12 -> 0 | F74: =D74/H84 -> 0
A75: Materiais de Limpeza – COMPLEMENTARES | B75: =F28 -> 0 | C75: =SUM(B75:B75) -> 0 | D75: =B75/12 -> 0 | F75: =D75/H84 -> 0
A76: Materiais de Limpeza – UTENSÍLIOS | B76: =G47 -> 0 | C76: =SUM(B76:B76) -> 0 | D76: =B76/12 -> 0 | F76: =D76/H84 -> 0
A77: MATERIAIS | B77: =SUM(B74:B76) -> 0 | C77: =SUM(B77:B77) -> 0 | D77: =B77/12 -> 0 | F77: =F74+F75+F76 -> 0
A79: EQUIPAMENTOS | B79: =G60 -> 0 | D79: =B79/12 -> 0 | F79: =D79/H84 -> 0
A81: UNIFORMES | B81: =E70 -> 0 | D81: =B81/12 -> 0 | F81: =D81 -> 0
A83: TOTAIS | B83: =B77+B79+B81 -> 0 | D83: =B83/12 -> 0 | F83: =F77+F79+F81 -> 0
H84: 3
A85: Quantidade da mão de obra alocada na prestação dos serviços
A86: OBS.: Pesquisa de preços realizada no Painel de preços do Governo Federal pelo site: http://paineldeprecos.planejamento.gov.br/
